 Dungeon Crawl Stone Soup version 0.24.0-13-gcf9b3192b9 (webtiles) character file.

Game seed: 7531990907959499647, levelgen mode: deterministic

142 Iamsoldier the Digger (level 5, -7/28 HPs)
             Began as a Gargoyle Earth Elementalist on Nov 7, 2019.
             Mangled by a gnoll
             ... wielding a +0 halberd
              (16 damage)
             ... on level 3 of the Dungeon.
             The game lasted 00:05:59 (2441 turns).

Iamsoldier the Digger (Gargoyle Earth Elementalist) Turns: 2441, Time: 00:06:02

Health: -7/28      AC:  7    Str: 12    XL:     5   Next: 25%
Magic:  1/10       EV: 12    Int: 16    God:
Gold:   89         SH:  0    Dex: 10    Spells: 6/10 levels left

rFire    . . .     SeeInvis .   g - +0 club
rCold    . . .     Gourm    .   (no shield)
rNeg     + . .     Faith    .   c - +0 robe
rPois    ∞         Spirit   .   o - +0 helmet
rElec    +         Reflect  .   (no cloak)
rCorr    .         Harm     .   (no gloves)
MR       .....                  (no boots)
Stlth    +++.......             (no amulet)
HPRegen  0.09/turn              m - ring of stealth
MPRegen  0.12/turn              (no ring)

@: no status effects
A: negative energy resistance 1, electricity resistance, unbreathing,
petrification resistance, rot immunity, AC +4
a: no special abilities


You were on level 3 of the Dungeon.
You were not hungry.

You visited 1 branch of the dungeon, and saw 3 of its levels.

You collected 89 gold pieces.

Inventory:

Hand Weapons
 g - a +0 club (weapon)
Missiles
 b - 122 stones (quivered)
Armour
 c - a +0 robe (worn)
 o - a +0 helmet (worn)
Jewellery
 m - a ring of stealth (left hand)
Scrolls
 a - 4 scrolls of identify {unknown}
 f - 2 scrolls of teleportation {unknown}
 i - 2 scrolls of fear {unknown}
 j - a scroll of blinking {unknown}
 n - a scroll of enchant weapon {unknown}
Potions
 h - a potion of degeneration {unknown}
 k - a potion of heal wounds {unknown}
Comestibles
 d - 2 rations
 l - 2 chunks of flesh


   Skills:
 - Level 1.5 Dodging
 - Level 2.1 Stealth
 + Level 3.4 Spellcasting
 + Level 2.2 Conjurations
   Level 0.7 Transmutations
 + Level 5.1 Earth Magic


You had 6 spell levels left.
You knew the following spells:

 Your Spells              Type           Power        Failure   Level  Hunger
a - Sandblast             Erth           ###...       2%          1    None
b - Stone Arrow           Conj/Erth      ##....       12%         3    ###....

Your spell library contained the following spells:

 Spells                   Type           Power        Failure   Level  Hunger
 Passwall                 Tmut/Erth      ##......     9%          2    ##.....
 Petrify                  Tmut/Erth      ##......     47%         4    ####...
 Lee's Rapid Deconstruct  Erth           ###.......   52%         5    ######.


Dungeon Overview and Level Annotations

Branches:
Dungeon (3/15)

Altars:


Innate Abilities, Weirdness & Mutations

You are resistant to torment.
Your stone body is resilient. (AC +4)
You are immune to poison.
You resist negative energy. (rN+)
You are resistant to electric shocks. (rElec)
You can survive without breathing.
You are immune to petrification.
You are immune to rotting.


Message History

A jackal comes into view.
The gnoll hits you from afar with a +0 halberd!
The jackal bites you but does no damage.
The jackal barely misses you.
The jackal moves out of view.
The jackal misses you. The jackal bites you. x2
You barely miss the adder.
A jackal comes into view.
The gnoll hits you from afar with a +0 halberd.
The jackal bites you but does no damage.
The jackal closely misses you. The adder misses you.
The gnoll closely misses you.
The jackal moves out of view.
Some of the chunks of flesh in your inventory have rotted away.
You closely miss the adder. The jackal completely misses you.
The jackal bites you but does no damage.
The adder barely misses you.
The jackal bites you but does no damage. x2
The adder bites you.
The gnoll hits you from afar with a +0 halberd!
Ouch! That really hurt!
You die...

##### ##...## ##.....##
#.......# #@hh....#
#hS.....# ##hg...######
#...........#
#)).......#.##
#)............## #
..h..............####
...#..............)...
o.................###.##


You could see a gnoll, an adder and 4 jackals.

Vanquished Creatures
  An orc priest (D:3)
  2 gnolls (D:3)
  3 adders
  A worm (D:2)
  2 dart slugs
  4 leopard geckos
  4 orcs (D:3)
  2 ball pythons (D:2)
  6 bats
  2 giant cockroaches
  3 goblins
  7 hobgoblins
  2 jackals (D:2)
  A frilled lizard (D:3)
  6 kobolds
  10 rats
56 creatures vanquished.

Notes
Turn   | Place    | Note
-------+----------+-------------------------------------------
     0 | D:1      | Iamsoldier the Gargoyle Earth Elementalist began the quest
                  | for the Orb.
     0 | D:1      | Reached XP level 1. HP: 10/10 MP: 3/3
   379 | D:1      | Reached skill level 4 in Earth Magic
   379 | D:1      | Reached XP level 2. HP: 15/15 MP: 0/5
  1044 | D:1      | Reached XP level 3. HP: 17/19 MP: 6/6
  1049 | D:1      | Learned a level 3 spell: Stone Arrow
  1284 | D:2      | Reached skill level 1 in Conjurations
  1673 | D:2      | Reached XP level 4. HP: 24/24 MP: 6/8
  1842 | D:2      | Found a faded altar of an unknown god.
  2418 | D:3      | Reached skill level 5 in Earth Magic
  2418 | D:3      | Reached XP level 5. HP: 28/28 MP: 4/9
  2441 | D:3      | Mangled by a gnoll

Levels and vault maps discovered:
D:1:      dpeg_arrival_castle, layout_basic
D:2:      layout_loops_ring, chequers_ecumenical_altar_grove, first_ration,
          hex_medium
D:3:      layout_rooms, okawaru_metal_pillars_1_2

Skill      XL: |  1  2  3  4 |
---------------+-------------+-----
Earth Magic    | 4 5 |  5.1
Conjurations   | 1 2 |  2.2
Spellcasting   | 3 |  3.4
Dodging        | |  1.5
Stealth        | |  2.1
Transmutations | |  0.7

Action                   |  1- 3 |  4- 6 || total
-------------------------+-------+-------++-------
Melee: Unarmed           |    44 |       ||    44
       Club              |    84 |    71 ||   155
 Cast: Sandblast         |    13 |    18 ||    31
  Use: Potion            |       |     2 ||     2
 Stab: Sleeping          |     1 |     4 ||     5
  Eat: Chunk             |     2 |     3 ||     5
Armor: Robe              |    51 |    40 ||    91
Dodge: Dodged            |   113 |    81 ||   194
